 Dungeon Crawl Stone Soup version 0.17-a0-587-g4707e02 (webtiles) character file.

10033 xeno23 the Arsonist (level 11, -8/82 HPs)
             Began as a Demigod Wizard on Apr 15, 2015.
             Mangled by Maud
             ... wielding a +1 long sword
              (44 damage)
             ... on level 11 of the Dungeon.
             The game lasted 01:47:32 (16764 turns).

xeno23 the Arsonist (Demigod Wizard)               Turns: 16764, Time: 01:47:32

Health: -8/82      AC:  7    Str: 12    XL:     11   Next: 9%
Magic:  19/24      EV: 12    Int: 26    God:
Gold:   340        SH:  0    Dex: 14    Spells: 7 memorised, 6 levels left

rFire  . . .     SeeInvis .     u - +4 spear
rCold  . . .     Clarity  .     y - +0 leather armour
rNeg   . . .     SustAb   +     (no shield)
rPois  .         Gourm    .     L - +2 hat {MR+}
rElec  .         Spirit   .     Z - +0 cloak
rCorr  .         Warding  .     (no gloves)
rMut   .         Stasis   .     (no boots)
MR     ++...                    (no amulet)
Stlth  ++........               (no ring)
                                (no ring)

@: repel missiles, very resistant to hostile enchantments, unstealthy
A: high mp 1, sustain abilities
a: no special abilities


You were on level 11 of the Dungeon.
You were hungry.

You visited 1 branch of the dungeon, and saw 11 of its levels.
You also visited: Ossuary.

You collected 573 gold pieces.
You spent 233 gold pieces at shops.

Inventory:

Hand weapons
 q - a +1 blowgun
 u - a +4 spear (weapon)
 T - a +0 morningstar of holy wrath
Missiles
 s - 59 poisoned needles
 B - 7 needles of confusion
 Y - 6 throwing nets (quivered)
Armour
 v - a +4 chain mail of magic resistance
 y - a +0 leather armour (worn)
 L - a +2 hat of magic resistance (worn)
 Z - a +0 cloak (worn)
Jewellery
 e - a cursed ring of teleportation {unknown}
 h - a cursed +5 ring of dexterity {unknown}
 l - a cursed ring of teleportation {unknown}
 K - an uncursed ring of see invisible {unknown}
 M - an uncursed amulet of rage {unknown}
 N - an uncursed ring of protection from cold {unknown}
 P - an uncursed amulet of warding {unknown}
Magical devices
 a - a wand of disintegration (12)
 J - a wand of cold (10)
 R - a wand of confusion (36)
 W - a wand of fireball (14)
Scrolls
 m - 3 scrolls of blinking
 t - a scroll of acquirement
 w - 6 scrolls of remove curse
 A - 4 scrolls of fog
 C - 4 scrolls of magic mapping
 D - a scroll of fear
 E - 7 scrolls of amnesia
 S - 3 scrolls of teleportation
Potions
 f - a potion of flight {unknown}
 i - 4 potions of resistance
 j - 2 potions of mutation {unknown}
 k - a potion of haste {unknown}
 n - 3 potions of lignification
 o - 2 potions of curing {unknown}
 p - 3 potions of might
 x - 2 potions of brilliance
 z - a potion of magic {unknown}
 F - a potion of berserk rage {unknown}
 G - a potion of agility {unknown}
 H - 4 potions of heal wounds
 I - a potion of restore abilities {unknown}
 O - a potion of invisibility {unknown}
Books
 b - a book of Annihilations {highlevel, unknown}

   This book is beyond your current level of understanding.

   Spells                             Type                      Level
   a - Poison Arrow                   Conjuration/Poison           6
   b - Chain Lightning                Conjuration/Air              8
   c - Lehudib's Crystal Spear        Conjuration/Earth            8
   d - Glaciate                       Conjuration/Ice              9
   e - Fire Storm                     Conjuration/Fire             9
 c - a book of Minor Magic

   Spells                             Type                      Level
   a - Magic Dart                     Conjuration                  1
   b - Blink                          Translocation                2
   c - Call Imp                       Summoning                    2
   d - Repel Missiles                 Charms/Air                   2
   e - Slow                           Hexes                        2
   f - Conjure Flame                  Conjuration/Fire             3
   g - Mephitic Cloud                 Conjuration/Poison/Air       3
 Q - a book of the Dragon

   Spells                             Type                      Level
   a - Flight                         Charms/Air                   3
   b - Cause Fear                     Hexes                        4
   c - Bolt of Fire                   Conjuration/Fire             6
   d - Dragon Form                    Transmutation                7
   e - Dragon's Call                  Summoning                    9
 U - a book of Cantrips

   Spells                             Type                      Level
   a - Corona                         Hexes                        1
   b - Animate Skeleton               Necromancy                   1
   c - Summon Small Mammal            Summoning                    1
   d - Apportation                    Translocation                1
 V - a book of Clouds

   Spells                             Type                      Level
   a - Mephitic Cloud                 Conjuration/Poison/Air       3
   b - Conjure Flame                  Conjuration/Fire             3
   c - Poisonous Cloud                Conjuration/Poison/Air       6
   d - Freezing Cloud                 Conjuration/Ice/Air          6
   e - Ring of Flames                 Charms/Fire                  7
 X - a book of Necromancy

   Spells                             Type                      Level
   a - Pain                           Necromancy                   1
   b - Animate Skeleton               Necromancy                   1
   c - Vampiric Draining              Necromancy                   3
   d - Regeneration                   Charms/Necromancy            3
   e - Animate Dead                   Necromancy                   4
   f - Control Undead                 Necromancy                   4
Comestibles
 d - 10 bread rations
 g - 10 meat rations
 r - 9 fruits


   Skills:
 + Level 3.6 Fighting
 - Level 6.0 Armour
 - Level 1.8 Dodging
 - Level 1.9 Stealth
 + Level 6.0 Spellcasting
 + Level 9.3 Conjurations
 - Level 0.8 Summonings
 - Level 0.8 Translocations
 + Level 9.7 Fire Magic


You had 6 spell levels left.
You knew the following spells:

 Your Spells              Type           Power        Failure   Level  Hunger
a - Magic Dart            Conj           ####         1%          1    None
b - Blink                 Tloc           N/A          12%         2    None
c - Call Imp              Summ           ##......     12%         2    None
d - Conjure Flame         Conj/Fire      ######..     1%          3    None
e - Mephitic Cloud        Conj/Pois/Air  ###.....     10%         3    None
r - Repel Missiles        Chrm/Air       #.....       14%         2    None
t - Regeneration          Chrm/Necr      #.........   24%         3    None


Dungeon Overview and Level Annotations

Branches:
Dungeon (11/15)            Temple (0/1) D:4            Lair (0/8) D:10
    Orc (0/4) D:9

Shops:
D:4 (   D:8 ?

Annotations:
D:10 Harold
D:11 Maud


Innate Abilities, Weirdness & Mutations

You have an increased reservoir of magic (+10% MP).
Your attributes are resistant to harm.


Message History

You reach to attack!
You hit Maud but do no damage. You hit Maud.
Maud is lightly wounded.
Maud is engulfed in roaring flames.
Maud hits you with an enchanted long sword!
You take 13 damage.
You hit Maud.
Maud is lightly wounded.
Maud is engulfed in roaring flames.
Maud hits you but does no damage.
You hit Maud.
Maud is moderately wounded.
Maud is engulfed in roaring flames.
Maud hits you with an enchanted long sword!!
You take 30 damage.
You hit Maud.
Maud is moderately wounded.
Maud is engulfed in roaring flames.
Maud hits you with an enchanted long sword!!!
Ouch! That really hurt!
You die...

#.# #. #.#
#. #.# #.
###. ##...
#>...
########.
#..#.
#.@......#
#..#. #@#
#..#. #.#
#..#. #.#
#.... #.#
#.### #.#
#.##. #.#
#.##. #.#
#.... #.#
####. #.#
#.


You could see Maud.

Vanquished Creatures
  2 hill giants
  Pikel (D:7)
  2 cyclopes
  Maurice (D:9)
  A gargoyle (D:11)
  A centaur skeleton (D:10)
  A troll (D:10)
  A merfolk (D:9)
  A two-headed ogre (D:11)
  Prince Ribbit (D:5)
  A trapdoor spider zombie (D:11)
  A deep elf mage (D:9)
  A hungry ghost (D:9)
  3 hippogriffs
  A wyvern (D:10)
  2 wraiths (D:11)
  Edmund (D:4)
  2 slaves (D:7)
  4 orc warriors
  3 ogres
  2 sky beasts
  3 centaurs
  3 ice beasts
  A wasp (D:11)
  A phantom (D:10)
  A necrophage (D:10)
  8 giant frogs
  10 scorpions
  13 killer bees
  An electric eel (D:9)
  3 jellies
  3 crimson imps
  9 orc priests
  A human zombie (Ossuary)
  A hound (D:5)
  An iguana (D:8)
  A giant frog skeleton (D:7)
  A quasit (D:10)
  6 worker ants
  8 orc wizards
  A hound zombie (D:11)
  4 mummies
  A worker ant zombie (D:11)
  12 adders
  4 scorpion zombies (Ossuary)
  4 shadow imps
  4 adder skeletons
  An adder zombie (D:7)
  4 worms
  11 giant geckos
  48 orcs
  A bat skeleton (D:4)
  4 giant cockroaches
  11 goblins
  11 hobgoblins
  12 jackals
  14 kobolds
  A ball python (D:3)
  12 bats
  A giant gecko skeleton (D:9)
  4 giant newts
  2 giant spores (D:11)
  2 goblin zombies (Ossuary)
  2 hobgoblin zombies (Ossuary)
  2 jackal skeletons
  2 kobold zombies (Ossuary)
  2 orc zombies (Ossuary)
  2 quokkas
  3 quokka zombies
  8 rats
  2 ballistomycetes (D:11)
300 creatures vanquished.

Vanquished Creatures (collateral kills)
  Blork the orc (D:6)
  A scorpion (Ossuary)
  A killer bee (D:8)
  A human zombie (Ossuary)
  2 orc priests (D:9)
  A worker ant (D:4)
  2 orc wizards
  A hound skeleton (D:4)
  4 gnolls (D:4)
  A scorpion zombie (Ossuary)
  5 orcs
  A kobold (D:4)
  A hobgoblin zombie (Ossuary)
  A jackal (D:6)
23 creatures vanquished.

Vanquished Creatures (others)
  2 crimson imps (D:4)
  An iron imp (D:5)
  An adder (D:7)
  2 white imps (D:9)
  3 shadow imps
  An orc (D:7)
  A hobgoblin zombie (Ossuary)
11 creatures vanquished.

Grand Total: 334 creatures vanquished

Notes
Turn   | Place    | Note
--------------------------------------------------------------
     0 | D:1      | xeno23, the Demigod Wizard, began the quest for the Orb.
     0 | D:1      | Reached XP level 1. HP: 14/14 MP: 6/6
    35 | D:1      | Found a glowing golden altar of the Shining One.
   475 | D:1      | Reached skill level 3 in Spellcasting
   751 | D:1      | Reached skill level 1 in Conjurations
   751 | D:1      | Reached XP level 2. HP: 20/20 MP: 2/8
  1078 | D:2      | Learned a level 2 spell: Blink
  1081 | D:2      | Learned a level 2 spell: Slow
  1140 | D:2      | Reached XP level 3. HP: 26/26 MP: 3/10
  1503 | D:2      | Learned a level 2 spell: Call Imp
  1824 | D:2      | Found a snail-covered altar of Cheibriados.
  2484 | D:3      | Reached XP level 4. HP: 25/33 MP: 6/12
  3049 | D:4      | Noticed Edmund
  3089 | D:4      | Killed Edmund
  3089 | D:4      | Reached skill level 1 in Armour
  3089 | D:4      | Reached XP level 5. HP: 13/38 MP: 5/13
  3219 | D:4      | Learned a level 3 spell: Conjure Flame
  3272 | D:4      | Found a sand-covered staircase.
  3297 | Ossuary  | Entered an ossuary
  3421 | Ossuary  | Reached skill level 4 in Spellcasting
  3771 | Ossuary  | Reached XP level 6. HP: 10/45 MP: 15/15
  4356 | Ossuary  | Reached XP level 7. HP: 42/50 MP: 13/16
  4484 | D:4      | Found Wuiric's Weapon Emporium.
  4504 | D:4      | Reached skill level 5 in Conjurations
  4674 | D:4      | Found a white marble altar of Elyvilon.
  4840 | D:4      | Learned a level 3 spell: Mephitic Cloud
  4893 | D:5      | Entered Level 5 of the Dungeon
  5070 | D:5      | Found a sparkling altar of Nemelex Xobeh.
  6110 | D:4      | Found a staircase to the Ecumenical Temple.
  6176 | D:5      | Noticed Prince Ribbit
  6179 | D:5      | Killed Prince Ribbit
  6179 | D:5      | Reached skill level 1 in Fighting
  6179 | D:5      | Reached skill level 5 in Armour
  6179 | D:5      | Reached XP level 8. HP: 54/59 MP: 14/18
  6392 | D:5      | Found a radiant altar of Vehumet.
  6497 | D:5      | Reached skill level 6 in Conjurations
  7230 | D:6      | Noticed Blork the orc
  7237 | D:6      | Killed Blork the orc
  7239 | D:6      | Found a blossoming altar of Fedhas.
  7244 | D:6      | Found an opulent altar of Gozag.
  7296 | D:6      | Reached skill level 5 in Spellcasting
  7575 | D:6      | Found an ancient bone altar of Kikubaaqudgha.
  7576 | D:6      | Found a glowing golden altar of the Shining One.
  7755 | D:6      | Identified a scroll of acquirement
  9183 | D:7      | Reached skill level 7 in Conjurations
  9274 | D:7      | Reached skill level 1 in Fire Magic
  9373 | D:7      | Found a burning altar of Makhleb.
  9397 | D:7      | Noticed Pikel
  9413 | D:7      | Killed Pikel
  9413 | D:7      | Reached XP level 9. HP: 68/68 MP: 15/20
 10013 | D:8      | Found a shimmering altar of Xom.
 10056 | D:8      | Reached skill level 5 in Fire Magic
 10157 | D:8      | Found Oczaics's Magic Scroll Emporium.
 10256 | D:8      | Bought a scroll of enchant armour for 97 gold pieces
 10256 | D:8      | Bought a scroll of teleportation for 39 gold pieces
 10256 | D:8      | Bought a scroll of enchant weapon for 97 gold pieces
 12087 | D:9      | Found a staircase to the Orcish Mines.
 12240 | D:9      | Reached XP level 10. HP: 20/74 MP: 0/21
 12614 | D:9      | Reached skill level 8 in Fire Magic
 12640 | D:9      | Noticed a hill giant
 12649 | D:9      | Killed a hill giant
 12810 | D:9      | Learned a level 3 spell: Regeneration
 13455 | D:9      | Found a basalt altar of Yredelemnul.
 13586 | D:9      | Noticed Maurice
 13591 | D:9      | Killed Maurice
 13652 | D:9      | Found a blossoming altar of Fedhas.
 13813 | D:9      | Noticed a cyclops
 13828 | D:9      | Learned a level 2 spell: Repel Missiles
 13847 | D:9      | Reached skill level 9 in Fire Magic
 13869 | D:9      | Killed a cyclops
 14090 | D:10     | Entered Level 10 of the Dungeon
 14766 | D:10     | Found a staircase to the Lair.
 15043 | D:11     | Noticed Harold
 15452 | D:11     | Noticed a hill giant
 15461 | D:11     | Killed a hill giant
 15789 | D:11     | Reached XP level 11. HP: 50/82 MP: 15/23
 15982 | D:11     | Found a blossoming altar of Fedhas.
 15983 | D:11     | Noticed a cyclops
 16020 | D:11     | Killed a cyclops
 16757 | D:11     | Noticed Maud
 16764 | D:11     | Mangled by Maud

Action                   |  1- 3 |  4- 6 |  7- 9 | 10-12 || total
-------------------------+-------+-------+-------+-------++-------
Melee: Short sword       |    30 |    34 |       |       ||    64
       Unarmed           |     2 |       |       |       ||     2
       Flail             |       |    67 |    10 |       ||    77
       Spear             |       |       |   494 |   316 ||   810
       Whip              |       |       |     1 |       ||     1
 Fire: Blowgun           |     6 |    20 |    65 |    27 ||   118
 Cast: Magic Dart        |    89 |    34 |   115 |    54 ||   292
       Call Imp          |     4 |    19 |    20 |     3 ||    46
       Blink             |       |     3 |     5 |    18 ||    26
       Mephitic Cloud    |       |       |    32 |    11 ||    43
       Conjure Flame     |       |       |    18 |    27 ||    45
       Regeneration      |       |       |       |    11 ||    11
       Repel Missiles    |       |       |       |     2 ||     2
  Use: Scroll            |     3 |     5 |    16 |     5 ||    29
       Potion            |       |     1 |     1 |       ||     2
 Stab: Distracted        |     1 |     1 |       |     1 ||     3
       Sleeping          |       |     2 |     6 |     4 ||    12
       Confused          |       |       |     8 |     1 ||     9
  Eat: Chunk             |     4 |     2 |    18 |    12 ||    36
       Fruit             |     1 |     2 |     1 |     2 ||     6
       Beef jerky        |       |     1 |     2 |     1 ||     4
       Pizza             |       |       |     2 |       ||     2
       Royal jelly       |       |       |     1 |       ||     1
